Map: Ulrena

Players

Devo

  • Race: Zerg Zerg
  • League: Master

Jonic - Winner!

  • Race: Protoss Protoss
  • League: Master

VOD

Have the link to the VOD?

Description

Time

  • Played on: Nov. 29, 2015, 10:33 a.m.
  • Length: 8:03
Show
View Real Time Build Order
Export as new Build Order

Devo Zerg 

Build Orders: Hatch First 

Get SALT Encoding   

  12  0:00  Drone  
  13  0:13  Overlord  
  13  0:17  Drone  
  14  0:31  Drone x2  
  14  0:35  Drone  
  17  0:46  Drone  
  18  0:56  Hatchery  
  17  1:00  Drone, Extractor  
  17  1:14  Spawning Pool  
  17  1:17  Drone  
  17  1:20  Drone  
  18  1:29  Drone  
  19  1:41  Drone  
  20  1:49  Overlord  
  20  2:04  Metabolic Boost  
  20  2:05  Zergling x2  
  21  2:08  Drone  
  21  2:09  Hatchery  
  21  2:12  Drone  
  22  2:20  Queen  
  24  2:23  Drone  
  24  2:26  Drone  
  24  2:29  Drone  
  27  2:33  Drone  
  28  2:38  Queen  
  28  2:42  Drone  
  31  2:45  Drone  
  32  2:52  Overlord  
  32  2:57  Drone  
  33  3:05  Drone x2  
  34  3:14  Queen, Zergling x2  
  34  3:19  Zergling x2  
  38  3:22  Queen  
  38  3:23  Zergling x4  
  38  3:26  Overlord  
  42  3:30  Drone x3  
  45  3:34  Drone x2  
  47  3:45  Evolution Chamber  
  47  3:46  Drone x3  
  47  3:47  Drone x3  
  52  3:48  Evolution Chamber  
  52  3:54  Drone x2  
  54  4:02  Drone  
  54  4:03  Drone x3  
  54  4:05  Overlord  
  54  4:06  Extractor  
  54  4:07  Extractor  
  55  4:14  Zerg Ground Armor Level 1  
  55  4:27  Drone, Overlord x2  
  55  4:28  Overlord x2, Roach Warren  
  55  4:37  Zerg Melee Weapons Level 1  
  55  4:40  Drone x2  
  55  4:45  Overlord x2  
  57  4:48  Drone  
  57  4:49  Drone x5  
  63  4:54  Zergling x6  
  63  4:55  Zergling x2  
  67  5:02  Zergling x6  
  70  5:09  Lair  
  70  5:10  Drone x4  
  70  5:11  Drone  
  75  5:20  Drone  
  75  5:21  Drone x4  
  80  5:28  Roach  
  80  5:30  Roach  
  80  5:32  Roach  
  86  5:36  Extractor  
  86  5:37  Drone  
  86  5:39  Hatchery  
  86  5:40  Roach x3  
  91  5:45  Roach x2  
  95  5:56  Roach x5  
  105  6:01  Overlord x4  
  105  6:02  Overlord  
  105  6:09  Glial Reconstitution  
  104  6:14  Zergling x2  
  104  6:15  Zergling x2, Extractor  
  104  6:18  Overlord x3  
  105  6:24  Ravager  
  105  6:25  Ravager  
  107  6:34  Drone x8  
  115  6:41  Roach x2  
  115  6:42  Ravager x2  
  121  6:47  Zergling x4  
  123  6:57  Zergling x6  
  123  7:00  Queen x3  
  123  7:01  Queen  
  132  7:06  Zergling x16  
  119  7:17  Zergling x14  
  117  7:24  Zergling x2  
  117  7:25  Zergling x2  
  105  7:32  Zergling x18  
  105  7:33  Zergling x2  
  115  7:40  Roach x2  
Show
View Real Time Build Order
Export as new Build Order

Jonic Protoss - Winner!

Build Orders: Nexus First 

Get SALT Encoding   

  12  0:01  Probe (Chrono Boost)  
  13  0:11  Probe (Chrono Boost)  
  14  0:17  Pylon  
  14  0:22  Probe (Chrono Boost)  
  15  0:36  Probe (Chrono Boost)  
  16  0:46  Probe (Chrono Boost)  
  17  1:01  Nexus  
  17  1:11  Gateway  
  17  1:14  Probe (Chrono Boost)  
  18  1:21  Assimilator  
  18  1:25  Probe (Chrono Boost)  
  19  1:35  Probe (Chrono Boost)  
  19  1:37  Gateway  
  20  1:45  Assimilator  
  20  1:46  Probe (Chrono Boost)  
  21  1:56  Probe (Chrono Boost)  
  22  2:02  Cybernetics Core  
  22  2:07  Probe (Chrono Boost)  
  23  2:16  Probe (Chrono Boost)  
  23  2:17  Probe (Chrono Boost)  
  25  2:27  Probe (Chrono Boost)  
  25  2:28  Probe (Chrono Boost)  
  27  2:37  Probe (Chrono Boost)  
  27  2:38  Probe (Chrono Boost)  
  27  2:40  Adept (Chrono Boost)  
  27  2:41  Adept (Chrono Boost)  
  33  2:48  Probe  
  33  2:50  Probe  
  34  3:01  Probe, Pylon  
  35  3:05  Probe  
  35  3:08  Sentry (Chrono Boost)  
  38  3:19  Sentry (Chrono Boost), Probe  
  41  3:26  Pylon, Robotics Facility  
  41  3:27  Probe  
  42  3:28  Warp Gate (Chrono Boost)  
  42  3:31  Sentry (Chrono Boost), Probe  
  45  3:40  Probe  
  46  3:45  Probe, Assimilator  
  46  3:47  Sentry (Chrono Boost), Assimilator  
  49  3:53  Probe (Chrono Boost), Pylon  
  50  4:00  Probe (Chrono Boost)  
  51  4:04  Gateway  
  51  4:08  Probe (Chrono Boost), Pylon  
  52  4:10  Probe (Chrono Boost)  
  52  4:14  Warp Prism (Chrono Boost)  
  55  4:19  Probe  
  55  4:22  Probe  
  57  4:31  Probe  
  57  4:36  Gateway  
  58  4:38  Gateway  
  58  4:41  Gateway  
  58  4:45  Mothership Core (Chrono Boost)  
  60  4:46  Immortal (Chrono Boost)  
  60  4:50  Pylon  
  64  4:58  Pylon  
  64  5:18  Gateway  
  64  5:20  Gateway  
  64  5:22  Gateway  
  64  5:23  Immortal (Chrono Boost)  
  68  5:33  Sentry x4  
  76  5:43  Pylon  
  76  5:44  Pylon  
  76  5:50  Stalker x2  
  84  5:57  Immortal (Chrono Boost), Pylon  
  84  5:58  Pylon  
  84  6:00  Sentry  
  86  6:04  Stalker x2  
  86  6:05  Stalker  
  92  6:18  Stalker, Pylon  
  92  6:19  Pylon  
  94  6:28  Sentry x2  
  94  6:29  Sentry, Stalker x2  
  104  6:38  Observer (Chrono Boost)  
  105  6:48  Stalker x2  
  105  6:49  Stalker  
  111  7:04  Stalker x3  
  107  7:15  Stalker x2  
  107  7:16  Stalker  
  113  7:40  Stalker x4  
  113  7:42  Stalker  
  113  7:43  Adept  
  123  7:53  Stalker  
  123  7:54  Stalker  
  123  7:56  Stalker  
Tags
 
Add a new tag
Caveats
  • Supply blocks, unpowered buildings, or Contaminate may cause inaccurate times.
  • Supply counts are checked every 10 seconds.